 Dungeon Crawl Stone Soup version 0.19-a0-811-gf4045fb (webtiles) character file.

675 vatarom the Covered (level 7, -1/52 HPs)
             Began as a Formicid Fighter on June 28, 2016.
             Was a Follower of Ru.
             Slain by an ogre
             ... wielding a +0 giant club
              (4 damage)
             ... on level 5 of the Dungeon.
             The game lasted 00:06:44 (3657 turns).

vatarom the Covered (Formicid Fighter)              Turns: 3657, Time: 00:06:44

Health: -1/52      AC:  9    Str: 21 (22) XL:     7   Next: 91%
Magic:  7/7        EV:  8    Int:  6 (7)  God:    Ru [*.....]
Gold:   193        SH:  9    Dex:  9 (11) Spells: 0 memorised, 6 levels left

rFire  . . .     SeeInvis +     a - +1 flail
rCold  . . .     Gourm    .     b - +0 scale mail
rNeg   . . .     Faith    .     c - +0 shield
rPois  .         Spirit   .     (helmet unavailable)
rElec  .         Dismiss  .     g - +0 cloak
rCorr  .         Reflect  .     (no gloves)
SustAt .         Harm     .     (no boots)
MR     .....                    (no amulet)
Stlth  ..........               (no ring)
                                e - ring of wizardry

@: not resistant to hostile enchantments, extremely unstealthy
A: permanent stasis, dig shafts and tunnels, four strong arms, antennae 3, no
air magic, no charms magic, no transmutations magic
a: Dig, Shaft Self, Renounce Religion


You were on level 5 of the Dungeon.
You worshipped Ru.
Ru was aware of your devotion.
You were not hungry.

You visited 1 branch of the dungeon, and saw 6 of its levels.

You collected 193 gold pieces.

Inventory:

Hand Weapons
 a - a +1 flail (weapon)
Armour
 b - a +0 scale mail (worn)
 c - a +0 shield (worn)
 g - a +0 cloak (worn)
Jewellery
 e - a ring of wizardry (left hand)
Scrolls
 i - 3 scrolls of remove curse
 j - 4 scrolls of identify
 m - a scroll of recharging
 p - a scroll of fog
 q - a scroll of amnesia {unknown}
 r - a scroll of noise
Potions
 h - a potion of agility
 o - 2 potions of magic
Comestibles
 d - 6 chunks of flesh
 f - 2 bread rations
 k - 4 fruits
 l - a slice of pizza
 n - 3 meat rations


   Skills:
 - Level 3.2 Fighting
 + Level 5.9 Maces & Flails
 + Level 7.1 Armour
 - Level 3.6 Shields


You had 6 spell levels left.
You didn't know any spells.

Dungeon Overview and Level Annotations

Branches:
Dungeon (6/15)
 Temple: D:4-7

Altars:
Ru
Vehumet

Shops:
D:4 ([


Innate Abilities, Weirdness & Mutations

You are under a permanent stasis effect.
You can dig through walls and to a lower floor.
Your four strong arms can wield two-handed weapons with a shield.
You have a pair of large antennae on your head. (SInv)
You cannot study or cast Air magic.
You cannot study or cast Charms magic.
You cannot study or cast Transmutations magic.


Message History

You block the orc's attack.
You barely miss the orc.
The orc is lightly wounded.
You block the orc's attack.
You sock the orc!
You kill the orc!
You sock the orc!
You kill the orc!
Okay, then.
You sock the ogre!
The ogre is heavily wounded.
The ogre barely misses you.
You sock the ogre!
The ogre is almost dead.
The ogre hits you with a giant club!
* * * LOW HITPOINT WARNING * * *
You hit the ogre.
The ogre is almost dead.
The ogre hits you with a giant club.
You die...

..#.(...#...#
#.#$.?.)#.#.#
###+!..##.#.#
.###'#..#.#
#+##..#.#.#
#.)##O#Z#
....#.#.#
!.?O#.#O#
#..## #@#
#### #.# {
#.# #.# #.#
#.# #.# #.#
#.#


You could see an ogre and an adder zombie.

Vanquished Creatures
  Menkaure (D:6)
  An ice beast (D:5)
  An ogre (D:5)
  A centaur (D:6)
  A giant frog (D:6)
  A scorpion (D:6)
  A howler monkey (D:4)
  A hound skeleton (D:4)
  2 howler monkey skeletons (D:4)
  2 adders
  3 oozes
  3 worms (D:2)
  3 dart slugs (D:1)
  5 giant geckos
  5 orcs
  A ball python (D:4)
  3 giant cockroaches
  10 goblins
  8 hobgoblins
  5 kobolds
  2 quokkas
  6 bats
  3 giant newts
  8 rats
77 creatures vanquished.

Notes
Turn   | Place    | Note
--------------------------------------------------------------
     0 | D:1      | vatarom the Formicid Fighter began the quest for the Orb.
     0 | D:1      | Reached XP level 1. HP: 18/18 MP: 1/1
   211 | D:1      | Reached XP level 2. HP: 19/24 MP: 2/2
   305 | D:1      | Reached XP level 3. HP: 29/29 MP: 3/3
   366 | D:1      | Reached skill level 4 in Armour
   646 | D:2      | Found a radiant altar of Vehumet.
   658 | D:2      | Reached XP level 4. HP: 34/35 MP: 4/4
  1079 | D:2      | Found a sacrificial altar of Ru.
  1131 | D:2      | Became a worshipper of Ru the Awakened
  2162 | D:4      | Reached XP level 5. HP: 41/41 MP: 5/5
  2271 | D:4      | Found Dagobamp's Antique Armour Emporium.
  2339 | D:4      | Found Atwuskat's Weapon Emporium.
  2363 | D:4      | Reached skill level 5 in Armour
  2365 | D:4      | Gained mutation: You cannot study or cast Air magic. [Ru sacrifice]
  2365 | D:4      | Gained mutation: You cannot study or cast Transmutations magic. [Ru sacrifice]
  2365 | D:4      | Gained mutation: You cannot study or cast Charms magic. [Ru sacrifice]
  2365 | D:4      | Reached * piety under Ru
  2740 | D:4      | You fall through a shaft for 2 floors!
  3010 | D:6      | Reached XP level 6. HP: 40/47 MP: 6/6
  3154 | D:6      | Reached skill level 6 in Armour
  3399 | D:6      | Reached XP level 7. HP: 43/52 MP: 7/7
  3411 | D:6      | Noticed Menkaure
  3418 | D:6      | Killed Menkaure
  3418 | D:6      | Reached skill level 5 in Maces & Flails
  3552 | D:5      | Entered Level 5 of the Dungeon
  3627 | D:5      | Reached skill level 7 in Armour
  3656 | D:5      | HP: 2/52 [ogre/giant club (15)]
  3657 | D:5      | Slain by an ogre

Vault maps used:
D:1:      ncdulo_watergridlock
D:2:      nicolae_ru_the_path_less_chosen, vehumet_crystals
D:4:      serial_shops, nicolae_shop_trees, shop_statue, shop
D:5:      lemuel_ice_spiral_2, marbit_many_paths, kennysheep_little_box,
          first_bread, minmay_joined_circles
D:6:      lemuel_upstairs_altar, lemuel_doored_altar, lemuel_round_altar,
          uniq_menkaure, uniq_edmund, uniq_blork_the_orc

Skill      XL: |  1  2  3  4  5  6  7 |
---------------+----------------------+-----
Armour         | 4 5 6 7 |  7.1
Maces & Flails | 3 4 5 |  5.9
Fighting       | |  3.2
Shields        | |  3.6

Action                   |  1- 3 |  4- 6 |  7- 9 || total
-------------------------+-------+-------+-------++-------
Melee: Flail             |    83 |   159 |    44 ||   286
Invok: Sacrifice Arcana  |       |     1 |       ||     1
 Abil: Dig               |     2 |       |       ||     2
       Shaft Self        |       |     1 |       ||     1
  Use: Scroll            |     5 |     4 |       ||     9
       Potion            |     1 |     3 |     3 ||     7
  Eat: Bread ration      |       |     2 |       ||     2
       Chunk             |       |     2 |       ||     2
       Fruit             |       |     1 |       ||     1
Armor: Scale mail        |    42 |    51 |     9 ||   102
Dodge: Dodged            |    33 |    44 |    13 ||    90
Block: Shield            |    42 |    83 |    21 ||   146
